 Dungeon Crawl Stone Soup version 0.31.0-11-ge490571c62 (webtiles) character file.

Game seed: 1453504650256486704

70 Bobbunny the Ruffian (level 4, -2/60 HPs)
             Began as a Naga Shapeshifter on Feb 3, 2024.
             Was a Believer of Trog.
             Slain by an orc priest
             ... wielding a +0 mace of distortion
              (6 damage)
             ... on level 3 of the Dungeon.
             The game lasted 00:01:26 (1927 turns).

Bobbunny the Ruffian (Naga Shapeshifter)            Turns: 1927, Time: 00:01:26

Health: -2/60      AC:  2    Str: 18    XL:     4   Next: 22%
Magic:  4/4        EV:  9    Int: 10    God:    Trog [**....]
Gold:   69         SH:  0    Dex: 11    Spells: 3/3 levels left

rFire   . .          .
                       - Unarmed
rCold   . . .        (no shield)
rNeg    . . .        a - +0 animal skin
rPois   +            (helmet currently unavailable)
rElec   .            (cloak currently unavailable)
rCorr   .            (gloves currently unavailable)
SInv    +            (no barding)
Will    .....        (no amulet) Stlth
                     (no ring)
HPRegen 0.30/turn    (no ring)
MPRegen 0.09/turn

%: no passive effects
@: berserking (expiring), beast-form, quick
A: beast (slay +2), AC +1, large, see invisible, deformed body, poison
resistance, slowness 2, spit poison 1, naga tail 1
a: Spit Poison, Begin Untransformation, Renounce Religion, Berserk, Trog's Hand


You were on level 3 of the Dungeon.
You worshipped Trog.
Trog was pleased with you.
You were a hulking beast.
You visited 1 branch of the dungeon, and saw 3 of its levels.

You collected 69 gold pieces.

Inventory:

Armour
 a - a +0 animal skin (worn)
Talismans
 c - a beast talisman
 d - a flux talisman
 h - a serpent talisman
Scrolls
 f - 3 scrolls of identify {unknown}
 g - a scroll of teleportation {unknown}
 i - 2 scrolls of poison {unknown}
Potions
 b - a potion of lignification
 e - a potion of heal wounds {unknown}
 j - 2 potions of attraction {unknown}


   Skills:
 + Level 2.4 Fighting
 - Level 1.5 Dodging
 + Level 3.7 Unarmed Combat
 + Level 3.6 Shapeshifting


You had 3 spell levels left.
You didn't know any spells.
Your spell library was empty.

Dungeon Overview and Level Annotations

Branches:
Dungeon (3/15)

Altars:
Trog


Innate Abilities, Weirdness & Mutations

You are a hulking beast.
Your limbs bulge with bestial killing power. (Slay +2)
Your serpentine skin is tough. (AC +1)
You have supernaturally acute eyesight. (SInv)
Armour fits poorly on your strangely shaped body.
Your system is resistant to poisons. (rPois)
You cover ground very slowly.
You can spit poison.
You have a snake-like lower body.


Message History

The goblin hits you with a +0 dagger.
The ribbon worm expels a string of sticky webbing.
The stream of webbing hits you but does no damage.
You are caught in a web!
The web tears apart.
The goblin hits you with a +0 dagger.
You barely miss the orc priest. The ribbon worm bites you!
You closely miss the orc priest. You punch the orc priest!
The orc priest is severely wounded.
The goblin barely misses you.
The orc priest hits you with a +0 mace of distortion.
Space warps around you.
You completely miss the orc priest.
The orc priest is severely wounded.
The ribbon worm bites you. The goblin hits you but does no damage.
The orc priest looks satisfied for a moment.
You barely miss the orc priest.
The orc priest is severely wounded.
The ribbon worm bites you!
You closely miss the orc priest.
The orc priest is severely wounded.
The goblin hits you with a +0 dagger.
The orc priest hits you with a +0 mace of distortion.
* * * LOW HITPOINT WARNING * * *
You blink.
An orc comes into view. It is wielding a +0 short sword.
Found a scroll labelled HUOLAGEFOF.
The orc shouts!
The orc priest calls down the wrath of Beogh upon you.
Beogh smites you!
* * * LOW HITPOINT WARNING * * *
You pummel the ribbon worm!!
You kill the ribbon worm!
Trog accepts your kill.
The orc priest looks encouraged for a moment.
You punch the goblin!
You kill the goblin!
Trog accepts your kill.
You can now call upon Trog for regeneration and willpower.
The orc priest hits you with a +0 mace of distortion.
You die...

########## #........#
#........#
..##........#
#.##........#
#.##........#
#.#.........#
#####............
#.....#h...o.....
#####.....o)#.###.###
....#.....)...... #
###....)...###....
##..........# ....?.
.#...........# #.....
>....##......# .....
.#.......### ......
####.#.........


You could see an orc priest and an orc.

Vanquished Creatures
  An adder (D:2)
  A ribbon worm (D:3)
  4 orcs (D:3)
  3 bats
  5 endoplasms
  2 giant cockroaches (D:1)
  7 hobgoblins
  3 jackals (D:1)
  A quokka (D:2)
  6 ball pythons
  3 frilled lizards (D:1)
  5 goblins
  6 kobolds
  5 rats
52 creatures vanquished.

Notes
Turn   | Place    | Note
-------+----------+-------------------------------------------
     0 | D:1      | Bobbunny the Naga Shapeshifter began the quest for the Orb.
     0 | D:1      | Reached XP level 1. HP: 18/18 MP: 1/1
   125 | D:1      | Reached XP level 2. HP: 23/25 MP: 2/2
   302 | D:1      | Found a faded altar of an unknown god.
   536 | D:1      | Reached XP level 3. HP: 21/32 MP: 3/3
   829 | D:1      | Prayed at the altar of an unknown god.
   829 | D:1      | Became a worshipper of Trog the Wrathful
   829 | D:1      | Reached * piety under Trog
  1867 | D:3      | Reached XP level 4. HP: 31/39 MP: 4/4
  1924 | D:3      | HP: 3/60 [orc priest/divine providence (15)]
  1926 | D:3      | Reached ** piety under Trog
  1927 | D:3      | Slain by an orc priest

Illustrated notes

Levels and vault maps discovered:
D:1:      lightli_arrival_flooded_house, layout_rooms,
          nicolae_ecumenical_lake_church
D:2:      layout_basic
D:3:      layout_rooms, portal_sewer_entry_e, nrook_loot_triangle

Skill      XL: |  1  2  3 |
---------------+----------+-----
Fighting       | 2 |  2.4
Dodging        | |  1.5
Unarmed Combat | |  3.7
Shapeshifting  | |  3.6

Action                     |  1- 3 |  4- 6 || total
---------------------------+-------+-------++-------
  Melee: Unarmed           |   116 |    16 ||   132
         Punch             |     4 |     1 ||     5
 Invoke: Berserk           |       |     1 ||     1
Ability: Spit Poison       |     1 |       ||     1
 Armour: Animal skin       |    80 |    17 ||    97
  Dodge: Dodged            |    43 |     6 ||    49
